Map: Abyssal Reef LE

Players

Wicked

  • Race: Protoss Protoss
  • League: Platinum
  • Spawn Location: 5:00

Dudley - Winner!

  • Race: Protoss Protoss
  • League: Platinum
  • Spawn Location: 11:00

VOD

Have the link to the VOD?

Description

Time

  • Played on: Dec. 2, 2017, 11:55 p.m.
  • Length: 5:47
Show
View Real Time Build Order
Export as new Build Order

Wicked Protoss 

Build Orders:  

Get SALT Encoding   

  12  0:00  Probe  
  13  0:12  Probe  
  14  0:19  Pylon  
  14  0:25  Probe  
  15  0:37  Probe  
  15  0:38  Gateway  
  16  0:48  Assimilator  
  16  0:49  Probe  
  17  1:01  Probe, Pylon  
  18  1:13  Probe  
  19  1:25  Cybernetics Core, Probe  
  19  1:26  Zealot  
  22  1:35  Assimilator  
  22  1:38  Probe  
  23  1:49  Gateway  
  23  1:50  Probe  
  24  2:02  Probe  
  24  2:05  Robotics Facility  
  25  2:09  Warp Gate (Chrono Boost)  
  25  2:14  Probe  
  26  2:23  Pylon  
  26  2:24  Sentry  
  26  2:27  Probe  
  29  2:38  Gateway  
  29  2:51  Gateway  
  29  2:54  Pylon  
  29  3:07  Immortal  
  33  3:22  Pylon  
  33  3:39  Stalker x3  
  38  4:04  Stalker x3  
  44  4:14  Immortal (Chrono Boost)  
  44  4:36  Stalker x2  
  44  4:37  Pylon  
  46  5:05  Pylon  
Show
View Real Time Build Order
Export as new Build Order

Dudley Protoss - Winner!

Build Orders:  

Get SALT Encoding   

  12  0:02  Probe  
  13  0:14  Probe (Chrono Boost)  
  13  0:19  Pylon  
  14  0:26  Probe (Chrono Boost)  
  15  0:37  Probe  
  15  0:39  Gateway  
  16  0:50  Assimilator  
  16  0:51  Probe  
  17  1:03  Gateway, Probe  
  18  1:15  Probe (Chrono Boost)  
  19  1:21  Pylon  
  20  1:27  Probe (Chrono Boost)  
  20  1:29  Cybernetics Core  
  20  1:37  Zealot  
  22  1:46  Probe  
  23  1:47  Assimilator  
  23  2:05  Robotics Facility  
  23  2:08  Zealot  
  25  2:10  Probe  
  25  2:12  Warp Gate (Chrono Boost)  
  26  2:23  Stalker  
  28  2:31  Probe  
  29  2:38  Gateway  
  29  3:01  Pylon  
  29  3:06  Stalker  
  31  3:14  Pylon  
  35  3:20  Immortal (Chrono Boost)  
  35  3:32  Probe  
  36  3:34  Pylon  
  36  3:40  Shield Battery  
  27  4:05  Immortal (Chrono Boost)  
  27  4:07  Stalker x2  
  27  4:08  Stalker  
  33  4:35  Pylon  
  33  4:38  Stalker x2  
  35  4:39  Stalker  
  39  4:56  Shield Battery  
  34  5:07  Immortal (Chrono Boost)  
Tags
 
Add a new tag
Caveats
  • Supply blocks, unpowered buildings, or Contaminate may cause inaccurate times.
  • Supply counts are checked every 10 seconds.